 Dungeon Sprint DCSS version 0.24-a0-581-gc0fa660 (webtiles) character file.

Game seed: 13452800271202248667

27 silentkaos13 the Protected (level 3, -2/32 HPs)
             Began as a Gnoll Wanderer on Aug 24, 2019.
             Slain by an ogre
             ... wielding a +0 giant club
              (13 damage)
             ... in the Dungeon (Sprint I: "Red Sonja").
             The game lasted 00:00:21 (231 turns).

silentkaos13 the Protected (Gnoll Wanderer)          Turns: 231, Time: 00:00:22

Health: -2/32      AC:  6    Str: 13    XL:     3   Next: 10%
Magic:  5/5        EV: 11    Int: 15    God:
Gold:   0          SH:  0    Dex: 15    Spells: 5/5 levels left

rFire    . . .     SeeInvis .   a - +2 spear
rCold    . . .     Gourm    .   (no shield)
rNeg     . . .     Faith    .   b - +0 ring mail
rPois    .         Spirit   .   (no helmet)
rElec    .         Reflect  .   (no cloak)
rCorr    .         Harm     .   (no gloves)
MR       .....     NoTele   +   (no boots)
Stlth    ++........             (no amulet)
HPRegen  0.10/turn              (no ring)
MPRegen  0.09/turn              (no ring)

@: no status effects
A: distributed training, fangs 1, strong nose
a: no special abilities


You were in the Dungeon.
You were not hungry.

You visited 1 branch

Inventory:

Hand Weapons
 a - a +2 spear (weapon)
 d - a +0 dagger
Armour
 b - a +0 ring mail (worn)
Wands
 l - a wand of random effects (19)
Scrolls
 c - a scroll of teleportation
 k - a scroll of blinking
Potions
 e - a potion of curing
 g - a potion of heal wounds
 h - a potion of haste
 i - 2 potions of magic
 j - a potion of berserk rage
Comestibles
 f - a ration


   Skills:
 + Level 4.9 Fighting
 + Level 1.7 Short Blades
 + Level 1.7 Long Blades
 + Level 1.7 Axes
 + Level 1.7 Maces & Flails
 + Level 1.7 Polearms
 + Level 1.7 Staves
 + Level 1.7 Slings
 + Level 1.7 Bows
 + Level 1.7 Crossbows
 + Level 1.7 Throwing
 + Level 8.7 Armour
 + Level 1.7 Dodging
 + Level 4.5 Stealth
 + Level 3.1 Shields
 + Level 1.7 Unarmed Combat
 + Level 1.7 Spellcasting
 + Level 1.3 Conjurations
 + Level 1.3 Hexes
 + Level 1.3 Charms
 + Level 1.3 Summonings
 + Level 1.3 Necromancy
 + Level 1.3 Translocations
 + Level 1.3 Transmutations
 + Level 1.3 Fire Magic
 + Level 1.3 Ice Magic
 + Level 1.3 Air Magic
 + Level 1.3 Earth Magic
 + Level 1.3 Poison Magic
 + Level 2.0 Invocations
 + Level 3.1 Evocations


You had 5 spell levels left.
You didn't know any spells.
Your spell library was empty.

Dungeon Overview and Level Annotations

Branches:
Dungeon (1/1)

Altars:


Innate Abilities, Weirdness & Mutations

Your experience applies equally to all skills.
You have very sharp teeth.
Your uncanny sense of smell can sniff out nearby items.


Message History

The ogre is lightly wounded.
You hit the ogre.
The ogre is moderately wounded.
The ogre closely misses you.
You closely miss the ogre.
The ogre is moderately wounded.
The ogre hits you with a +0 giant club!!
Ouch! That really hurt!
You hit the ogre.
The ogre is heavily wounded.
The ogre barely misses you.
You barely miss the ogre.
The ogre is heavily wounded.
You hit the ogre.
The ogre is heavily wounded.
The ogre closely misses you.
You barely miss the ogre.
The ogre is heavily wounded.
The ogre hits you with a +0 giant club!
You die...

##########
#<.#..@O.#
∆
#..').#..+
∆
#..#####+#
#..# ∆∆
∆∆∆ #..#
∆∆ #..#
#⌠⌠# ####
∆∆


You could see an ogre.

Vanquished Creatures
  Ijyb (D)
1 creature vanquished.

Notes
Turn   | Place    | Note
-------+----------+-------------------------------------------
     0 | D        | silentkaos13 the Gnoll Wanderer began the quest for the
                  | Orb.
     0 | D        | silentkaos13 set off with the following items: a +2 spear,
                  | a +0 ring mail, a scroll of teleportation, a +0 dagger, a
                  | potion of curing, a ration, a potion of heal wounds, a
                  | potion of haste, 2 potions of magic, a potion of berserk
                  | rage, a scroll of blinking
     0 | D        | Reached XP level 1. HP: 20/20 MP: 2/2
     1 | D        | Noticed Ijyb
    39 | D        | Killed Ijyb
    39 | D        | Reached skill level 1 in Short Blades
    39 | D        | Reached skill level 1 in Long Blades
    39 | D        | Reached skill level 1 in Axes
    39 | D        | Reached skill level 1 in Maces & Flails
    39 | D        | Reached skill level 1 in Polearms
    39 | D        | Reached skill level 1 in Staves
    39 | D        | Reached skill level 1 in Slings
    39 | D        | Reached skill level 1 in Bows
    39 | D        | Reached skill level 1 in Crossbows
    39 | D        | Reached skill level 1 in Throwing
    39 | D        | Reached skill level 1 in Dodging
    39 | D        | Reached skill level 1 in Unarmed Combat
    39 | D        | Reached skill level 1 in Spellcasting
    39 | D        | Reached skill level 1 in Conjurations
    39 | D        | Reached skill level 1 in Hexes
    39 | D        | Reached skill level 1 in Charms
    39 | D        | Reached skill level 1 in Summonings
    39 | D        | Reached skill level 1 in Necromancy
    39 | D        | Reached skill level 1 in Translocations
    39 | D        | Reached skill level 1 in Transmutations
    39 | D        | Reached skill level 1 in Fire Magic
    39 | D        | Reached skill level 1 in Ice Magic
    39 | D        | Reached skill level 1 in Air Magic
    39 | D        | Reached skill level 1 in Earth Magic
    39 | D        | Reached skill level 1 in Poison Magic
    39 | D        | Reached XP level 2. HP: 11/26 MP: 2/4
    39 | D        | Reached XP level 3. HP: 13/32 MP: 2/5
   223 | D        | Noticed an ogre
   231 | D        | Slain by an ogre

Levels and vault maps discovered:
D:        dungeon_sprint_1 [red_sonja_temple_1, red_sonja_temple_small_1]

Skill      XL: |  1 |
---------------+----+-----
Short Blades   | 1 |  1.7
Long Blades    | 1 |  1.7
Axes           | 1 |  1.7
Maces & Flails | 1 |  1.7
Polearms       | 1 |  1.7
Staves         | 1 |  1.7
Slings         | 1 |  1.7
Bows           | 1 |  1.7
Crossbows      | 1 |  1.7
Throwing       | 1 |  1.7
Dodging        | 1 |  1.7
Shields        | 3 |  3.1
Unarmed Combat | 1 |  1.7
Spellcasting   | 1 |  1.7
Conjurations   | 1 |  1.3
Hexes          | 1 |  1.3
Charms         | 1 |  1.3
Summonings     | 1 |  1.3
Necromancy     | 1 |  1.3
Translocations | 1 |  1.3
Transmutations | 1 |  1.3
Fire Magic     | 1 |  1.3
Ice Magic      | 1 |  1.3
Air Magic      | 1 |  1.3
Earth Magic    | 1 |  1.3
Poison Magic   | 1 |  1.3
Invocations    | 2 |  2.0
Evocations     | 3 |  3.1
Fighting       | |  4.9
Armour         | |  8.7
Stealth        | |  4.5

Action                   || total
-------------------------++-------
Melee: Spear             ||    44
       Bite              ||     5
 Stab: Sleeping          ||     1
Armor: Ring mail         ||    16
Dodge: Dodged            ||    14

Table legend:
 A = Non-vault XP
 B = Vault XP
 C = Vault XP percentage of total XP
 D = Non-vault monster count
 E = Vault monster count
 F = Vault count percentage of total count
                 A         B        C        D         E       F
            +---------+---------+-------+---------+---------+-------
      Total |       0 |      39 | 100.0 |       0 |       1 | 100.0
            +---------+---------+-------+---------+---------+-------
          D |       0 |      39 | 100.0 |       0 |       1 | 100.0
            +---------+---------+-------+---------+---------+-------
